 Dungeon Crawl Stone Soup version 0.19-a0-1896-g611e798 (webtiles) character file.

420 reaperXD the Geomancer (level 6, -9/49 HPs)
             Began as a Deep Dwarf Earth Elementalist on Oct 19, 2016.
             Shot with an arrow by a centaur (12 damage)
             ... on level 4 of the Dungeon.
             The game lasted 00:11:46 (3963 turns).

reaperXD the Geomancer (DDEE)                       Turns: 3963, Time: 00:11:47

Health: -9/49      AC:  4    Str: 11    XL:     6   Next: 62%
Magic:  11/11      EV: 12    Int: 18    God:
Gold:   95         SH:  0    Dex: 13    Spells: 3 memorised, 2 levels left

rFire  . . .     SeeInvis .     p - +0 blowgun
rCold  . . .     Gourm    .     n - +0 leather armour
rNeg   . . .     Faith    .     (no shield)
rPois  .         Spirit   .     (no helmet)
rElec  .         Reflect  .     (no cloak)
rCorr  .         Harm     .     (no gloves)
MR     .....                    o - +0 pair of boots
Stlth  ++........               (no amulet)
                                (no ring)
                                (no ring)

@: non-regenerating
A: damage resistance, recharge devices, sense surroundings 1, slow regeneration
3
a: Device Recharging


You were on level 4 of the Dungeon.
You were not hungry.

You visited 1 branch of the dungeon, and saw 6 of its levels.

You collected 95 gold pieces.

Inventory:

Hand Weapons
 j - a +0 club
 p - a +0 blowgun (weapon)
 w - a +0 broad axe
Missiles
 b - 88 stones
 v - 14 poisoned needles (quivered)
Armour
 n - a +0 leather armour (worn)
 o - a +0 pair of boots (worn)
Wands
 d - a wand of heal wounds (2/9)
Scrolls
 k - a scroll of enchant armour {unknown}
Potions
 g - 3 potions of flight
 i - a potion of mutation
 l - 2 potions of heal wounds
 m - a potion of berserk rage
 q - 3 potions of might
 s - a potion of brilliance
 u - a potion of lignification {unknown}
 z - a potion of degeneration {unknown}
Books
 e - a book of Geomancy

   Spells                             Type                      Level
   a - Sandblast                      Earth                        1
   b - Passwall                       Transmutation/Earth          2
   c - Stone Arrow                    Conjuration/Earth            3
   d - Petrify                        Transmutation/Earth          4
   e - Lee's Rapid Deconstruction     Earth                        5
Comestibles
 a - 2 chunks of flesh
 c - a meat ration
 f - 2 bread rations
 h - 2 fruits
 A - a beef jerky


   Skills:
 + Level 0.0 Fighting
 + Level 0.0 Armour
 + Level 2.1 Dodging
 - Level 2.4 Stealth
 + Level 3.4 Spellcasting
 + Level 0.3 Conjurations
   Level 0.8 Transmutations
 * Level 8.6 Earth Magic


You had 2 spell levels left.
You knew the following spells:

 Your Spells              Type           Power        Failure   Level  Hunger
a - Sandblast             Erth           ####..       1%          1    None
c - Stone Arrow           Conj/Erth      ###...       12%         3    ###....
d - Lee's Rapid Deconstr  Erth           ####......   17%         5    ######.


Dungeon Overview and Level Annotations

Branches:
Dungeon (6/15)
 Temple: D:4-7

Altars:
Gozag
Qazlal
Vehumet
The Shining One


Innate Abilities, Weirdness & Mutations

You are resistant to damage.
You can recharge devices by infusing magical energy.
You passively map a small area around you.
You do not regenerate.


Message History

You finish putting on your +0 pair of boots.
A centaur comes into view.
The centaur shouts!
The centaur wields a shortbow.
The centaur shoots an arrow.
The arrow hits you!
* * * LOW HITPOINT WARNING * * *
You see here an arrow.
Evoke which item? (* to show all) (? for menu, Esc to quit)
Zapping:
d - a wand of heal wounds (3/9)
Press: ? - help, Shift-Dir - straight line, f - you You feel much better.
This wand has 2 charges left.
The centaur shoots an arrow.
The arrow hits you.
The centaur shoots an arrow.
The arrow hits you!
You see here an arrow.
The centaur shoots an arrow.
The arrow hits you!
* * * LOW HITPOINT WARNING * * *
You see here an arrow.
The centaur shoots an arrow.
The arrow hits you!
* * * LOW HITPOINT WARNING * * *
The centaur shoots an arrow.
The arrow hits you!
You die...

#.....### ####
#.+....c+.# ...#
#.#...c.#.#
##.#######.........#
................(..#
.#.########........#
.#.# #.......(# .#.#
#####'##(#
##.#########....@#(#
..................>#
.......#####...#.#.#
.......# #...#.#.#
.......#########.#.#
.............# #.#.#
#............# #.#.#
#............# #...#
#............# ##..#


You could see a centaur.

Vanquished Creatures
  A water moccasin zombie (D:6)
  A howler monkey (D:3)
  A jelly (D:3)
  An orc priest (D:3)
  2 orc wizards (D:3)
  2 worker ants
  8 adders
  2 oozes (D:3)
  2 worms (D:2)
  3 dart slugs
  3 leopard geckos
  2 orcs (D:3)
  3 bats
  6 giant cockroaches
  7 goblins
  5 hobgoblins
  2 jackals (D:2)
  A quokka (D:2)
  3 ball pythons
  9 frilled lizards
  9 kobolds
  5 rats
78 creatures vanquished.

Notes
Turn   | Place    | Note
-------+----------+-------------------------------------------
     0 | D:1      | reaperXD the Deep Dwarf Earth Elementalist began the quest for the Orb.
     0 | D:1      | Reached XP level 1. HP: 15/15 MP: 3/3
   295 | D:1      | Reached XP level 2. HP: 20/22 MP: 1/4
   514 | D:1      | Reached skill level 5 in Earth Magic
   971 | D:1      | Reached XP level 3. HP: 22/28 MP: 4/6
  1032 | D:1      | Learned a level 3 spell: Stone Arrow
  1103 | D:2      | Found an opulent altar of Gozag.
  1397 | D:2      | Reached skill level 6 in Earth Magic
  1397 | D:2      | Reached XP level 4. HP: 20/36 MP: 1/7
  1940 | D:3      | Noticed an air elemental
  1987 | D:3      | You fall through a shaft for 3 floors!
  2000 | D:6      | Reached XP level 5. HP: 17/42 MP: 1/9
  2072 | D:5      | Entered Level 5 of the Dungeon
  2127 | D:4      | Reached skill level 7 in Earth Magic
  2407 | D:3      | Reached XP level 6. HP: 16/49 MP: 6/10
  2564 | D:3      | Learned a level 5 spell: Lee's Rapid Deconstruction
  2629 | D:3      | Reached skill level 8 in Earth Magic
  3337 | D:3      | Found a radiant altar of Vehumet.
  3413 | D:3      | Noticed a water elemental
  3415 | D:3      | Found a stormy altar of Qazlal.
  3416 | D:3      | Noticed a fire elemental
  3542 | D:3      | Found a glowing golden altar of the Shining One.
  3963 | D:4      | Shot with an arrow by a centaur

Vault maps used:
D:1:      minmay_arrival_glassed_features
D:2:      nicolae_gozag_seed_capital
D:3:      nicolae_tso_swordbearing_angel, vehumet_crystals,
          nicolae_qazlal_style_of_elements
D:5:      first_bread
D:6:      kennysheep_kobold_camp, minitemple, minmay_tree_intersection,
          grunt_ministairs_1

Skill      XL: |  1  2  3  4  5  6 |
---------------+-------------------+-----
Earth Magic    | 5 6 7 8 |  8.6
Spellcasting   | 2 3 |  3.4
Dodging        | |  2.1
Stealth        | |  2.4
Conjurations   | |  0.3
Transmutations | |  0.8

Action                   |  1- 3 |  4- 6 || total
-------------------------+-------+-------++-------
Melee: Club              |     4 |       ||     4
       Broad axe         |       |    10 ||    10
 Fire: Blowgun           |       |    20 ||    20
Throw: Stone             |       |     1 ||     1
 Cast: Sandblast         |    62 |    39 ||   101
       Stone Arrow       |       |    33 ||    33
Evoke: Wand              |       |     3 ||     3
  Use: Scroll            |       |     9 ||     9
  Eat: Chunk             |     2 |    11 ||    13
       Beef jerky        |       |     1 ||     1
Armor: Robe              |     1 |       ||     1
       Leather armour    |     1 |    13 ||    14
Dodge: Dodged            |    14 |    34 ||    48
